 Dungeon Crawl Stone Soup version 0.30-a0-1176-gcdfb0321a8 (webtiles) character file.

Game seed: 1515016932319771275

127 Rrauwl the Cutter (level 5, -3/47 HPs)
             Began as a Gnoll Wanderer on Apr 30, 2023.
             Slain by a kobold brigand
             ... wielding a +0 club
              (7 damage)
             ... in a sewer.
             The game lasted 00:06:08 (2053 turns).

Rrauwl the Cutter (Gnoll Wanderer)                  Turns: 2053, Time: 00:06:08

Health: -3/47      AC:  3    Str: 10    XL:     5   Next: 11%
Magic:  7/7        EV: 11    Int: 10    God:
Gold:   129        SH:  0    Dex: 16    Spells: 5/6 levels left

rFire   . . .        l - +3 whip (pain)
rCold   . . .        (no shield)
rNeg    . . .        d - +0 leather armour
rPois   .            (no helmet)
rElec   .            g - scarf {repulsion}
rCorr   .            (no gloves)
SInv    .            (no boots)
Will    .....        (no amulet)
Stlth   +            e - ring of wizardry
HPRegen 0.27/turn    (no ring)
MPRegen 0.10/turn

%: repel missiles, wizardry (x1)
@: invisible, very slow
A: fangs 1, strong nose, distributed training
a: no special abilities


You were in a sewer.
You visited 1 branch of the dungeon, and saw 3 of its levels.
You also visited: Sewer.

You collected 129 gold pieces.

Inventory:

Hand Weapons
 a - a +3 short sword
 i - a +1 dagger of draining
 l - a +3 whip of pain (weapon)
Missiles
 h - 6 silver javelins
Armour
 d - a +0 leather armour (worn)
 g - a scarf of repulsion (worn)
 j - a +0 pair of gloves
Jewellery
 e - a ring of wizardry (left hand)
Scrolls
 k - a scroll of immolation
 m - a scroll of fear
 n - a scroll of amnesia {unknown}
Miscellaneous
 b - a piece from Xom's chessboard (14/15) (quivered)


   Skills:
 + Level 6.7 Fighting
 + Level 6.7 Short Blades
 + Level 1.4 Long Blades
 + Level 1.4 Axes
 + Level 1.4 Maces & Flails
 + Level 1.4 Polearms
 + Level 1.4 Staves
 + Level 1.4 Ranged Weapons
 + Level 1.4 Throwing
 + Level 4.7 Armour
 + Level 1.4 Dodging
 + Level 1.4 Stealth
 + Level 1.4 Shields
 + Level 1.4 Unarmed Combat
 + Level 1.4 Spellcasting
 + Level 1.1 Conjurations
 + Level 1.1 Hexes
 + Level 1.1 Summonings
 + Level 1.1 Necromancy
 + Level 1.1 Translocations
 + Level 1.1 Transmutations
 + Level 1.1 Fire Magic
 + Level 1.1 Ice Magic
 + Level 1.1 Air Magic
 + Level 1.1 Earth Magic
 + Level 1.1 Poison Magic
 + Level 1.6 Invocations
 + Level 4.7 Evocations


You had 5 spell levels left.
You knew the following spells:

 Your Spells              Type           Power      Damage    Failure   Level
a - Apportation           Tloc           6%         N/A       11%         1

Your spell library contained the following spells:

 Spells                   Type           Power      Damage    Failure   Level
 Alistair's Intoxication  Tmut/Pois      2%         N/A       95%         5


Dungeon Overview and Level Annotations

Branches:
Dungeon (3/15)              Sewer (1/1)

Altars:

Shops:
D:1 (


Innate Abilities, Weirdness & Mutations

You have very sharp teeth.
Your uncanny sense of smell can sniff out nearby items.
Your experience applies equally to all skills.


Message History

The kobold brigand barely misses you.
Your unstable footing causes you to fumble your attack.
The kobold brigand hits you with a +0 club.
* * * LOW HITPOINT WARNING * * *
Your unstable footing causes you to fumble your attack.
The kobold brigand hits you but does no damage.
Your unstable footing causes you to fumble your attack.
The kobold brigand splashes around in the water.
Your unstable footing causes you to fumble your attack.
The kobold brigand barely misses you.
You feel better.
The kobold brigand hits you with a +0 club!
* * * LOW HITPOINT WARNING * * *
You feel better.
The kobold brigand hits you with a +0 club!
* * * LOW HITPOINT WARNING * * *
You hit the kobold brigand but do no damage.
The kobold brigand is severely wounded.
The kobold brigand hits you with a +0 club.
* * * LOW HITPOINT WARNING * * *
Your unstable footing causes you to fumble your attack.
The kobold brigand splashes around in the water.
You miss the kobold brigand.
You bite the kobold brigand, but do no damage.
The kobold brigand is severely wounded.
The kobold brigand splashes around in the water.
You hit the kobold brigand.
The kobold brigand is severely wounded.
The kobold brigand hits you but does no damage.
Your unstable footing causes you to fumble your attack.
The kobold brigand splashes around in the water.
You aren't carrying any potions.
You make a move on Xom's chessboard...
The kobold brigand is moving more slowly.
The kobold brigand closely misses you.
You catch the helpless kobold brigand completely off-guard!
You hit the kobold brigand.
The kobold brigand writhes in agony.
The kobold brigand is severely wounded.
The kobold brigand hits you with a +0 club!
You die...

## ## #. .# ∆ #~
~# #~ ~# #~#~#
#.J~# #~ #K# #~
#@# #~###~#
#~~~~~# .~~~~
##~~.## #~..#
#~~.# #...# #.~.#
#~~.# #.~.##
##.~~# #.~~.##
##~~~~#
#.~~~~#####.~~~.#


You could see a kobold brigand (petrifying) and an endoplasm.

Vanquished Creatures
  A hound (D:2)
  3 adders
  A river rat (Sewer)
  2 worms
  5 ball pythons
  5 bats
  6 endoplasms
  4 giant cockroaches
  5 goblins
  6 hobgoblins
  3 quokkas
  A frilled lizard (D:2)
  7 kobolds
  4 rats (D:3)
53 creatures vanquished.

Notes
Turn   | Place    | Note
-------+----------+-------------------------------------------
     0 | D:1      | Rrauwl the Gnoll Wanderer began the quest for the Orb.
     0 | D:1      | Rrauwl set off with the following items: a +3 short sword,
                  | a piece from Xom's chessboard (15/15), a potion of
                  | invisibility, a +0 leather armour.
     0 | D:1      | Reached XP level 1. HP: 23/23 MP: 1/1
   115 | D:1      | Reached XP level 2. HP: 29/29 MP: 2/2
   320 | D:1      | Found Sookhlodgh's Weapon Emporium.
   434 | D:1      | Reached XP level 3. HP: 29/35 MP: 3/3
   829 | D:2      | Learned a level 1 spell: Apportation
   927 | D:2      | Reached skill level 1 in Invocations
  1089 | D:2      | Reached skill level 1 in Long Blades
  1089 | D:2      | Reached skill level 1 in Axes
  1089 | D:2      | Reached skill level 1 in Maces & Flails
  1089 | D:2      | Reached skill level 1 in Polearms
  1089 | D:2      | Reached skill level 1 in Staves
  1089 | D:2      | Reached skill level 1 in Ranged Weapons
  1089 | D:2      | Reached skill level 1 in Throwing
  1089 | D:2      | Reached skill level 1 in Dodging
  1089 | D:2      | Reached skill level 1 in Stealth
  1089 | D:2      | Reached skill level 1 in Shields
  1089 | D:2      | Reached skill level 1 in Unarmed Combat
  1089 | D:2      | Reached skill level 1 in Spellcasting
  1089 | D:2      | Reached XP level 4. HP: 17/41 MP: 5/5
  1092 | D:2      | Reached skill level 1 in Conjurations
  1092 | D:2      | Reached skill level 1 in Hexes
  1092 | D:2      | Reached skill level 1 in Summonings
  1092 | D:2      | Reached skill level 1 in Necromancy
  1092 | D:2      | Reached skill level 1 in Translocations
  1092 | D:2      | Reached skill level 1 in Transmutations
  1092 | D:2      | Reached skill level 1 in Fire Magic
  1092 | D:2      | Reached skill level 1 in Ice Magic
  1092 | D:2      | Reached skill level 1 in Air Magic
  1092 | D:2      | Reached skill level 1 in Earth Magic
  1092 | D:2      | Reached skill level 1 in Poison Magic
  1504 | D:3      | Found a glowing drain.
  1517 | Sewer    | Entered a sewer
  1847 | Sewer    | Reached XP level 5. HP: 40/47 MP: 5/7
  2023 | Sewer    | Noticed a kobold brigand
  2047 | Sewer    | HP: 2/47 [kobold brigand/+0 club (3)]
  2053 | Sewer    | Slain by a kobold brigand

Illustrated notes

Levels and vault maps discovered:
D:1:      onia_arrival_pyramid, layout_loops_ring, serial_shops, shop
D:2:      layout_rooms, dreamdust_mushroom_princess, minmay_heptomino_o4
D:3:      layout_rooms, chequers_ecumenical_altar_simple, portal_sewer_entry_e,
          dreamdust_princess_corridor
Sewer:    sewer_co_tree

Skill      XL: |  1  2  3  4 |
---------------+-------------+-----
Invocations    | 1 |  1.6
Long Blades    | 1 |  1.4
Axes           | 1 |  1.4
Maces & Flails | 1 |  1.4
Polearms       | 1 |  1.4
Staves         | 1 |  1.4
Ranged Weapons | 1 |  1.4
Throwing       | 1 |  1.4
Dodging        | 1 |  1.4
Stealth        | 1 |  1.4
Shields        | 1 |  1.4
Unarmed Combat | 1 |  1.4
Spellcasting   | 1 |  1.4
Conjurations   | 1 |  1.1
Hexes          | 1 |  1.1
Summonings     | 1 |  1.1
Necromancy     | 1 |  1.1
Translocations | 1 |  1.1
Transmutations | 1 |  1.1
Fire Magic     | 1 |  1.1
Ice Magic      | 1 |  1.1
Air Magic      | 1 |  1.1
Earth Magic    | 1 |  1.1
Poison Magic   | 1 |  1.1
Fighting       | |  6.7
Short Blades   | |  6.7
Armour         | |  4.7
Evocations     | |  4.7

Action                     |  1- 3 |  4- 6 || total
---------------------------+-------+-------++-------
  Melee: Short sword       |    22 |       ||    22
         Dagger            |    77 |    15 ||    92
         Bite              |     6 |    17 ||    23
         Whip              |       |   110 ||   110
         Punch             |       |     4 ||     4
  Evoke: Piece from Xom's  |       |     1 ||     1
    Use: Scroll            |     5 |     2 ||     7
         Potion            |     4 |     4 ||     8
   Stab: Sleeping          |     4 |       ||     4
         Petrifying        |       |     1 ||     1
 Armour: Leather armour    |    24 |    32 ||    56
  Dodge: Dodged            |    43 |    50 ||    93
         Repelled          |       |     1 ||     1

Table legend: (Time is in decaauts)
 A = Elapsed time spent in this place.
 B = Non-inter-level travel time spent in this place.
 C = Inter-level travel time spent in this place.
 D = Time resting spent in this place.
 E = Time spent auto-exploring this place.
 F = Levels seen in this place.
 G = Mean time per level.
                   A        B        C        D        E       F      G
               +--------+--------+--------+--------+--------+-----+--------+
         Total |   2068 |   1955 |    113 |     59 |   1362 |   4 |  517.0 |
       Dungeon |   1482 |   1369 |    113 |     59 |    913 |   3 |  494.0 |
         Sewer |    586 |    586 |      0 |      0 |    449 |   1 |  586.0 |
               +--------+--------+--------+--------+--------+-----+--------+

Top non-repeatable levels by time:
     D:1: 692 daAuts
     D:2: 659 daAuts
   Sewer: 586 daAuts
     D:3: 129 daAuts
